 Dungeon Crawl Stone Soup version 0.27.1-35-g4d5d836560 (console) character file.

Game seed: 18297244283647099732

406 Banquo the Chopper (level 7, 0/52 HPs)
             Began as a Formicid Fighter on Mar 13, 2022.
             Succumbed to a scorpion's poison
             ... in an ossuary.
             The game lasted 00:09:08 (2593 turns).

Banquo the Chopper (Formicid Fighter)               Turns: 2593, Time: 00:09:08

Health: 0/52       AC:  6    Str: 23    XL:     7   Next: 12%
Magic:  6/6        EV:  8    Int: 10    God:
Gold:   92         SH: 11    Dex: 16    Spells: 6/6 levels left

rFire    + . .     SeeInvis +   a - +0 war axe
rCold    + . .     Faith    .   c - +1 kite shield
rNeg     . . .     Spirit   .   b - +0 scale mail
rPois    .         Reflect  .   (helmet unavailable)
rElec    .         Harm     .   (no cloak)
rCorr    .         Rampage  .   (no gloves)
Will     .....                  (no boots)
Stlth    ..........             (no amulet)
HPRegen  0.17/turn              h - ring of Vampiric Thralls {rC++ Int+3 Dex+6}
MPRegen  0.10/turn              F - ring of fire

@: lethally poisoned (0 -> -4)
A: permanent stasis, dig shafts and tunnels, antennae 3, four strong arms, low
mp 1, wild magic 1
a: Dig


You were in an ossuary.
You visited 1 branch of the dungeon, and saw 4 of its levels.
You also visited: Ossuary.

You collected 92 gold pieces.

Inventory:

Hand Weapons
 a - a +0 war axe (weapon)
 e - a +0 spear
Missiles
 f - 28 arrows
 g - 219 stones
 m - 10 poisoned darts
Armour
 b - a +0 scale mail (worn)
 c - a +1 kite shield (worn)
Jewellery
 h - the ring of Vampiric Thralls (left hand) {rC++ Int+3 Dex+6}
   (You found it on level 5 of the Dungeon)

   [ring of dexterity]

   Int:       It affects your intelligence (+3).
   Dex:       It affects your dexterity (+6).
   rC:        It greatly protects you from cold.
 j - a +6 ring of dexterity
 F - a ring of fire (right hand)
Wands
 i - a wand of acid (7)
 k - a wand of mindburst (14)
Scrolls
 n - a scroll of enchant armour
Potions
 d - a potion of might


   Skills:
 - Level 3.2 Fighting
 + Level 7.1 Axes
 - Level 3.2 Armour
 - Level 3.6 Shields


You had 6 spell levels left.
You didn't know any spells.
Your spell library contained the following spells:

 Spells                   Type           Power      Damage    Failure   Level
 Ozocubu's Armour         Ice            0%         N/A       100%        3
 Metabolic Englaciation   Hex/Ice        0%         N/A       100%        5
 Simulacrum               Ice/Necr       0%         N/A       100%        6


Dungeon Overview and Level Annotations

Branches:
Dungeon (5/15)            Ossuary (1/1)
 Temple: D:4-7

Altars:

Annotations:
D:3 Ijyb, Sigmund


Innate Abilities, Weirdness & Mutations

You cannot be hasted, slowed, berserked, paralysed or teleported.
You can dig through walls and to a lower floor.
You have a pair of large antennae on your head. (SInv)
Your four strong arms can wield two-handed weapons with a shield.
Your magical capacity is low. (-10% MP)
Your spells are a little harder to cast, but a little more powerful.


Message History

You closely miss the scorpion.
The scorpion is severely wounded.
You feel very sick. The scorpion stings you.
You hit the scorpion but do no damage.
The scorpion is severely wounded.
You feel very sick. The scorpion stings you.
* * * LOW HITPOINT WARNING * * *
The scorpion stings you!
* * * LOW HITPOINT WARNING * * *
Unknown command.
You are lethally poisoned (7 -> -4).
Your movement speed is average.
Your attack delay is about 1.3 (and is slowed by your insufficient shield skill).
Your base attributes are Str 23, Int 7, Dex 10.
Unknown command.
Unknown command.
Aiming: Corrosive Bolt
Press: ? - help, Shift-Dir - straight line, f - scorpion
Aim: a scorpion (severely wounded, 71% to hit)
The bolt of acid hits the scorpion!
The scorpion is splashed with acid.
The acid corrodes the scorpion!
You kill the scorpion!
* * * LOW HITPOINT WARNING * * *
You feel sick.
Your Axes skill increases to level 7!
You have reached level 7!
Really quaff the potion of mutation?
You feel extremely strange.
You feel less in control of your magic.
You feel less energetic.
* * * LOW HITPOINT WARNING * * *
You feel sick. You block the scorpion zombie's attack.
You slash the scorpion zombie!
The scorpion zombie is moderately damaged.
* * * LOW HITPOINT WARNING * * *
You feel very sick. You block the scorpion zombie's attack.
You slash the scorpion zombie!
The scorpion zombie is heavily damaged.
You die...

#...#...#
#...8...# {
#.......#
##8...8##
#.......#
#...8...#
#...#...#
##'######
#..@#...#...
#...Z...8...
#...#.......
######8...8#
#!.M# ......
#!.!# {.8...
#?.!# .#...
##+## ####


You could see a mummy and a scorpion zombie.

Vanquished Creatures
  A water moccasin (D:5)
  An ice beast (D:5)
  A scorpion (Ossuary)
  2 iguanas (D:5)
  2 adders (D:2)
  A white imp (D:5)
  4 dart slugs
  6 bats
  5 endoplasms
  8 goblins
  10 hobgoblins
  3 quokkas
  5 ball pythons (D:2)
  2 frilled lizards
  A goblin zombie (Ossuary)
  A hobgoblin zombie (Ossuary)
  4 kobolds
  5 rats
62 creatures vanquished.

Notes
Turn   | Place    | Note
-------+----------+-------------------------------------------
     0 | D:1      | Banquo the Formicid Fighter began the quest for the Orb.
     0 | D:1      | Reached XP level 1. HP: 18/18 MP: 1/1
    52 | D:1      | Reached XP level 2. HP: 23/24 MP: 2/2
   329 | D:1      | Reached skill level 3 in Axes
   519 | D:1      | Reached XP level 3. HP: 26/29 MP: 3/3
  1367 | D:2      | Reached skill level 4 in Axes
  1367 | D:2      | Reached XP level 4. HP: 22/33 MP: 4/4
  2178 | D:3      | Noticed Ijyb
  2178 | D:3      | Noticed Sigmund
  2183 | D:3      | You fall into a shaft and drop 2 floors!
  2183 | D:5      | Entered Level 5 of the Dungeon
  2193 | D:5      | Reached XP level 5. HP: 21/41 MP: 5/5
  2290 | D:5      | Identified the ring of Vampiric Thralls {rC++ Int+3 Dex+6}
  2324 | D:5      | Reached skill level 5 in Axes
  2343 | D:5      | Noticed an ice beast
  2359 | D:5      | Killed an ice beast
  2360 | D:5      | Reached XP level 6. HP: 36/47 MP: 6/6
  2423 | D:5      | Noticed a water moccasin
  2430 | D:5      | Killed a water moccasin
  2431 | D:5      | Reached skill level 6 in Axes
  2500 | D:5      | Found a sand-covered staircase.
  2532 | Ossuary  | Entered an ossuary
  2591 | Ossuary  | Reached skill level 7 in Axes
  2591 | Ossuary  | Reached XP level 7. HP: 6/52 MP: 7/7
  2591 | Ossuary  | Gained mutation: Your spells are a little harder to cast,
                  | but a little more powerful. [potion of mutation]
  2591 | Ossuary  | Gained mutation: Your magical capacity is low. (-10% MP)
                  | [potion of mutation]
  2592 | Ossuary  | HP: 1/52 [poisoned by a scorpion]
  2593 | Ossuary  | Succumbed to a scorpion's poison

Illustrated notes

Levels and vault maps discovered:
D:1:      dpeg_arrival_morbid_curiosity, layout_basic
D:2:      layout_rooms
D:3:      cheibrodos_thug_alley, layout_rooms,
          shapermc_ecumenical_altar_mp_urbaneastern, kennysheep_generic_room_3,
          uniq_ijyb, uniq_sigmund
D:5:      layout_gridville, nicolae_ossuary_entry_monument
Ossuary:  ossuary_minmay_scorpions

Skill      XL: |  1  2  3  4  5  6 |
---------------+-------------------+-----
Axes           | 3 4 5 7 |  7.1
Fighting       | |  3.2
Armour         | |  3.2
Shields        | |  3.6

Action                   |  1- 3 |  4- 6 |  7- 9 || total
-------------------------+-------+-------+-------++-------
Melee: War axe           |   105 |    68 |     2 ||   175
 Abil: Dig               |    10 |     3 |       ||    13
       Shaft Self        |       |     1 |       ||     1
Evoke: Wand              |       |     1 |       ||     1
  Use: Scroll            |       |     5 |       ||     5
       Potion            |       |     1 |     1 ||     2
Armor: Scale mail        |    57 |    15 |       ||    72
Dodge: Dodged            |    58 |    21 |       ||    79
Block: Kite shield       |    81 |    26 |     2 ||   109
